 Dungeon Crawl Stone Soup version 0.28-a0-1190-g77e1c55843 (webtiles) character file.

Game seed: 7616795591780564941

2084 chunkyMonkey the Skirmisher (level 9, 0/93 HPs)
             Began as an Ogre Fighter on Dec 18, 2021.
             Killed from afar by a goblin (8 damage)
             ... with a puff of flame
             ... on level 7 of the Dungeon.
             The game lasted 00:13:06 (13008 turns).

chunkyMonkey the Skirmisher (Ogre Fighter)         Turns: 13008, Time: 00:13:07

Health: 0/93       AC:  3    Str: 26    XL:     9   Next: 27%
Magic:  16/16      EV: 11    Int:  9    God:
Gold:   262        SH: 10    Dex: 20    Spells: 15/18 levels left

rFire   . . .      SeeInvis .   E - +0 whip (elec)
rCold   . . .      Faith    .   c - +0 kite shield
rNeg    . . .      Spirit   .   b - +0 robe
rPois   .          Reflect  .   (helmet restricted)
rElec   .          Harm     .   (no cloak)
rCorr   .          Rampage  .   (gloves unavailable)
Will    .....                   (boots unavailable)
Stlth   ++........              (no amulet)
HPRegen 0.25/turn               o - +6 ring of dexterity
MPRegen 0.15/turn               t - +6 ring of dexterity

@: no status effects
A: large, unfitting armour, tough skin 1
a: no special abilities


You were on level 7 of the Dungeon.
You visited 1 branch of the dungeon, and saw 7 of its levels.

You collected 262 gold pieces.

Inventory:

Hand Weapons
 a - a +0 war axe
 E - a +0 whip of electrocution (weapon)
Missiles
 h - 24 poisoned darts (quivered)
Armour
 b - a +0 robe (worn)
 c - a +0 kite shield (worn)
Jewellery
 o - a +6 ring of dexterity (left hand)
 t - a +6 ring of dexterity (right hand)
 v - a ring of poison resistance
 C - a ring of magical power
 D - a ring of see invisible
Wands
 y - a wand of iceblast (2)
Scrolls
 g - 4 scrolls of identify {unknown}
 i - 3 scrolls of teleportation {unknown}
 k - a scroll of enchant weapon {unknown}
 l - 2 scrolls of noise {unknown}
 p - a scroll of blinking {unknown}
 r - 2 scrolls of amnesia {unknown}
 s - 2 scrolls of torment {unknown}
 u - a scroll of enchant armour {unknown}
 w - a scroll of fog {unknown}
 B - a scroll of summoning {unknown}
Potions
 d - a potion of magic {unknown}
 e - 2 potions of lignification {unknown}
 f - a potion of ambrosia {unknown}
 j - 2 potions of mutation {unknown}
 m - a potion of attraction {unknown}
 n - a potion of berserk rage {unknown}
 q - 3 potions of curing
 x - 2 potions of brilliance {unknown}
 z - 2 potions of flight {unknown}
 A - a potion of heal wounds {unknown}


   Skills:
 * Level 7.5 Fighting
 * Level 5.2 Axes
 + Level 2.6 Armour
 + Level 4.2 Dodging
 * Level 5.1 Shields
 * Level 5.3 Spellcasting
 * Level 3.8 Necromancy


You had 15 spell levels left.
You knew the following spells:

 Your Spells              Type           Power      Damage    Failure   Level
a - Vampiric Draining     Necr           9%         2d6       34%         3

Your spell library contained the following spells:

 Spells                   Type           Power      Damage    Failure   Level
 Corpse Rot               Necr/Air       10%        N/A       36%         2
 Dispel Undead            Necr           9%         3d8       75%         4
 Iron Shot                Conj/Erth      1%         9d1       100%        6


Dungeon Overview and Level Annotations

Branches:
Dungeon (7/15)
 Temple: D:4-7

Altars:
Dithmenos
Qazlal
Vehumet
Wu Jian
Yredelemnul
Zin

Shops:
D:5 (

Annotations:
D:5 1 runed translucent door, losyanya's ghost, novice DDNe
D:7 Joseph


Innate Abilities, Weirdness & Mutations

You are too large for most types of armour.
You have tough skin. (AC +1)


Message History

You start resting.
HP restored.
You start waiting.
Done waiting.
You start waiting.
Done waiting.
Found a radiant altar of Vehumet.
Found a stone staircase leading down.
A goblin comes into view. It is carrying a wand of flame (16).
Found a scroll labelled BETRI USHRUUB.
The goblin shouts!
You hear a shout!
A goblin is nearby!
The goblin zaps a wand.
The puff of flame hits you.
Joseph, a Mercenary comes into view.
He is wielding a +0 quarterstaff.
Joseph unwields a +0 quarterstaff.
Joseph wields a +0 hunting sling.
Joseph shoots a sling bullet.
You block the sling bullet.
Found a grey potion and 10 gold pieces.
The goblin zaps a wand.
The puff of flame hits you!
The goblin zaps a wand.
The puff of flame misses you.
Joseph shoots a sling bullet.
The sling bullet hits you!
You hit the goblin but do no damage.
The goblin zaps a wand.
The puff of flame misses you.
Joseph shoots a sling bullet.
The sling bullet barely misses you.
The goblin zaps a wand.
The puff of flame hits you.
Joseph shoots a sling bullet.
The sling bullet hits you!!
Joseph shoots a sling bullet.
You block the sling bullet.
Joseph shoots a sling bullet.
You block the sling bullet.
The goblin zaps a wand.
The puff of flame hits you.
The goblin zaps a wand.
The puff of flame hits you!
The goblin zaps a wand.
The puff of flame hits you!
* * * LOW HITPOINT WARNING * * *
Things that are here:
a +0 shortbow; 20 arrows Joseph shoots a sling bullet.
The sling bullet hits you!
* * * LOW HITPOINT WARNING * * *
Joseph shoots a sling bullet.
You block the sling bullet.
The goblin zaps a wand.
The puff of flame hits you!
* * * LOW HITPOINT WARNING * * *
Found 12 gold pieces.
The goblin zaps a wand.
The puff of flame hits you!
You die...

$#.... .... #..#
#..# ##..## ##....#
##...g.##
#####....#..#
#.#.@##..##.##
##.####..##..## #.#
#..###..### #.#
#..###g...####
#.####............##
#...##....#.@..^.###
###....#####...###
###..### #...#
###..####.###


You could see a goblin.

Vanquished Creatures
  Pikel (D:7)
  A hornet (D:6)
  Edmund (D:4)
  3 sky beasts (D:6)
  A necrophage (D:6)
  2 centaurs
  4 lemures (D:6)
  A scorpion (D:5)
  A water moccasin skeleton (D:6)
  A howler monkey (D:6)
  2 jellies
  3 gnoll shamans
  A centaur zombie (D:5)
  2 bullfrog skeletons (D:5)
  An iguana (D:5)
  Natasha (thrice) (D:2)
  2 killer bee zombies
  2 hound skeletons (D:5)
  12 gnolls
  5 adders
  A shadow imp (D:6)
  2 ufetubi
  3 worms
  4 dart slugs
  2 orcs
  8 ball pythons
  8 endoplasms
  2 giant cockroaches
  8 goblins
  6 hobgoblins
  7 kobolds
  3 quokkas
  5 bats
  4 frilled lizards
  2 rats (D:1)
  A spectral orc (D:4)
115 creatures vanquished.

Vanquished Creatures (others)
  A frilled lizard (D:1)
1 creature vanquished.

Grand Total: 116 creatures vanquished

Notes
Turn   | Place    | Note
-------+----------+-------------------------------------------
     0 | D:1      | chunkyMonkey the Ogre Fighter began the quest for the Orb.
     0 | D:1      | Reached XP level 1. HP: 24/24 MP: 1/1
   285 | D:1      | Reached XP level 2. HP: 32/32 MP: 2/2
   869 | D:1      | Reached skill level 1 in Spellcasting
   869 | D:1      | Reached XP level 3. HP: 25/40 MP: 4/4
  1349 | D:2      | Noticed Natasha
  1813 | D:2      | Killed Natasha
  1814 | D:2      | Reached XP level 4. HP: 25/49 MP: 4/6
  1962 | D:2      | Noticed Natasha
  1972 | D:2      | Killed Natasha
  2289 | D:2      | Noticed Natasha
  2295 | D:2      | Killed Natasha
  2304 | D:2      | Reached XP level 5. HP: 39/55 MP: 7/7
  2308 | D:2      | Found a faded altar of an unknown god.
  3641 | D:3      | Reached skill level 5 in Fighting
  3710 | D:3      | Reached skill level 1 in Armour
  3711 | D:3      | Found a stormy altar of Qazlal.
  3734 | D:3      | Found an ornate altar of the Wu Jian Council.
  4045 | D:4      | Got the Incunabulum of Ashen Dark Rites
  4050 | D:4      | Learned a level 3 spell: Vampiric Draining
  4185 | D:4      | Found a glowing silver altar of Zin.
  4185 | D:4      | Noticed an angel
  4827 | D:4      | Noticed Edmund
  4837 | D:4      | Killed Edmund
  4838 | D:4      | Reached skill level 1 in Necromancy
  4838 | D:4      | Reached XP level 6. HP: 30/66 MP: 8/10
  5196 | D:4      | Found a basalt altar of Yredelemnul.
  5245 | D:5      | Entered Level 5 of the Dungeon
  6603 | D:4      | Reached XP level 7. HP: 46/72 MP: 11/11
  7895 | D:5      | Found a shadowy altar of Dithmenos.
  8077 | D:5      | Found a runed translucent door.
  8079 | D:5      | Noticed losyanya's ghost (novice DDNe)
  8179 | D:5      | Reached skill level 6 in Fighting
  8264 | D:5      | Found Luzxul's Firing Range.
  8872 | D:6      | Reached XP level 8. HP: 44/83 MP: 13/13
 10052 | D:6      | Noticed a hornet
 10058 | D:6      | Killed a hornet
 10075 | D:6      | Reached skill level 7 in Fighting
 11396 | D:7      | Noticed Pikel
 12173 | D:7      | Killed Pikel
 12174 | D:7      | Reached skill level 5 in Axes
 12174 | D:7      | Reached skill level 5 in Shields
 12174 | D:7      | Reached skill level 5 in Spellcasting
 12174 | D:7      | Reached XP level 9. HP: 58/93 MP: 16/16
 12963 | D:7      | Found a radiant altar of Vehumet.
 12965 | D:7      | Noticed Joseph
 13008 | D:7      | Killed from afar by a goblin

Illustrated notes

Levels and vault maps discovered:
D:1:      dpeg_arrival_brainrot, layout_basic, minmay_tromino_i4
D:2:      layout_loops_ring, hellmonk_ecumenical_altar_blasted,
          roderic_serpentine_path, chequers_serial_rivers_room_b, uniq_natasha
D:3:      layout_basic, old_standard_altar, lemuel_doored_altar
D:4:      layout_cave_pods, zin_angel, yredelemnul_forgotten_temple_becter,
          ebering_dispersal_statue_hall, uniq_edmund
D:5:      layout_loops_ring, mainiacjoe_overflow_surrounded_room,
          ebering_ghost_sewer_d, nicolae_shop_firing_range
D:6:      layout_gridville, kennysheep_small_circle
D:7:      layout_layer_cave, vehumet_altar_wand_db,
          mainiacjoe_overflow_tiny_flanked, temple_fountains, uniq_pikel,
          uniq_duvessa, uniq_joseph

Skill      XL: |  1  2  3  4  5  6  7  8 |
---------------+-------------------------+-----
Spellcasting   | 1 2 3 5 |  5.3
Shields        | 3 4 5 |  5.1
Dodging        | 3 4 |  4.2
Fighting       | 5 6 7 |  7.5
Armour         | 1 2 |  2.6
Axes           | 3 4 5 |  5.2
Necromancy     | 1 2 3 |  3.8

Action                   |  1- 3 |  4- 6 |  7- 9 || total
-------------------------+-------+-------+-------++-------
Melee: War axe           |    90 |   172 |   182 ||   444
       Whip              |       |       |     5 ||     5
Throw: Dart              |     1 |       |    18 ||    19
Evoke: Wand              |       |       |     7 ||     7
  Use: Potion            |       |     1 |       ||     1
 Stab: Sleeping          |       |     4 |     2 ||     6
Armor: Robe              |    28 |    50 |    36 ||   114
Dodge: Dodged            |    40 |    76 |   122 ||   238
Block: Kite shield       |    34 |   101 |   143 ||   278

Table legend: (Time is in decaauts)
 A = Elapsed time spent in this place.
 B = Non-inter-level travel time spent in this place.
 C = Inter-level travel time spent in this place.
 D = Time resting spent in this place.
 E = Time spent auto-exploring this place.
 F = Levels seen in this place.
 G = Mean time per level.
                   A        B        C        D        E       F      G
               +--------+--------+--------+--------+--------+-----+--------+
         Total |  13267 |  13016 |    251 |   6816 |   4712 |   7 | 1895.3 |
       Dungeon |  13267 |  13016 |    251 |   6816 |   4712 |   7 | 1895.3 |
               +--------+--------+--------+--------+--------+-----+--------+

Top non-repeatable levels by time:
     D:6: 3755 daAuts
     D:4: 3243 daAuts
     D:1: 1809 daAuts
     D:2: 1702 daAuts
     D:5: 1229 daAuts
     D:7: 875 daAuts
     D:3: 652 daAuts
